 Dungeon Crawl Stone Soup version 0.31.0-11-ge490571c62 (webtiles) character file.

Game seed: 13520826490508927727

15666 qw the Nimble (level 12, 0/56 (60) HPs)
             Began as a Spriggan Hunter on Feb 3, 2024.
             Was a High Priest of Okawaru.
             Slain by a spectral orc knight
             ... wielding a +0 dire flail
             ... summoned by Nergalle
              (1 damage)
             ... on level 2 of the Lair of Beasts.
             The game lasted 00:35:00 (37734 turns).

qw the Nimble (Spriggan Hunter)                    Turns: 37734, Time: 00:35:01

HP:   0/56 (60)     AC:  6    Str:  7    XL:     12   Next: 3%
MP:   10/10         EV: 33    Int: 12    God:    Okawaru [*****.]
Gold: 758           SH:  0    Dex: 25    Spells: 11/11 levels left

rFire   + . .        b - +1 arbalest (heavy)
rCold   . . .        (shield currently unavailable)
rNeg    + . .        d - +2 robe {rN+}
rPois   .            (helmet restricted)
rElec   +            a - +1 cloak
rCorr   +            (gloves unavailable)
SInv    +            (boots unavailable)
Will    ++...        h - amulet of regeneration
Stlth   ++           i - ring "Loiregint" {Fly rElec rCorr MP-9 Dex+3}
HPRegen 1.09/turn    l - ring of protection from fire
MPRegen 0.12/turn

%: no passive effects
@: about to teleport, flying, drained, very quick
A: very small, no large weapons, unfitting armour, see invisible, speed 3
a: Renounce Religion, Heroism, Finesse, Duel


You were on level 2 of the Lair of Beasts.
You worshipped Okawaru.
Okawaru was extremely pleased with you.
You visited 3 branches of the dungeon, and saw 13 of its levels.
You also visited: Sewer.

You collected 780 gold pieces.
You spent 22 gold pieces at shops.


Innate Abilities, Weirdness & Mutations

You are very small and have problems with some larger weapons.
You are too small for most types of armour.
You have supernaturally acute eyesight. (SInv)
You cover ground extremely quickly. (Speed+++)


   Skills:
 - Level 5.8 Fighting
 - Level 13.0 Ranged Weapons
 + Level 14.7 Dodging
 - Level 1.5 Stealth
 + Level 8.0 Invocations


You had 11 spell levels left.
You didn't know any spells.
Your spell library was empty.

Inventory:

Hand Weapons
 b - a +1 heavy arbalest (weapon)
Armour
 a - a +1 cloak (worn)
 d - a +2 robe of positive energy (worn)
Jewellery
 h - an amulet of regeneration (around neck)
 i - the ring "Loiregint" (left hand) {Fly rElec rCorr MP-9 Dex+3}
   (You found it on level 9 of the Dungeon)

   [ring of flight]

   Dex+3:     It affects your dexterity (+3).
   rElec:     It insulates you from electricity.
   MP-9:      It affects your magic capacity (-9).
   Fly:       It grants you flight.
   rCorr:     It protects you from acid and corrosion.
 l - a ring of protection from fire (right hand)
Wands
 e - a wand of polymorph (9)
 m - a wand of digging (5)
 n - a wand of iceblast (4)
Scrolls
 g - 5 scrolls of teleportation
Potions
 c - a potion of mutation
 f - 2 potions of curing
 j - a potion of cancellation
 k - a potion of might

Dungeon Overview and Level Annotations

Branches:
Dungeon (10/15)            Temple (1/1) D:7            Lair (2/5) D:10
  Sewer (visited)
  Swamp: Lair:2-3    Shoals: Lair:2-3     Snake: Lair:2-3    Spider: Lair:2-3
    Orc: D:9-12

Altars:
Ashenzari
Cheibriados
Dithmenos
Elyvilon
Fedhas
Gozag
Hepliaklqana
Kikubaaqudgha
Makhleb
Nemelex Xobeh
Okawaru
Qazlal
Ru
Sif Muna
Trog
Uskayaw
Vehumet
Wu Jian
Xom
Yredelemnul
Zin
The Shining One

Shops:
D:2 [   D:7 :   D:10 ?

Portals:
Bailey: D:10

Annotations:
D:8 exclusion: 2 oklob plants
Lair:2 Nergalle


Message History

The spectral orc warrior completely misses you.
The spectral orc completely misses you.
Nergalle hits you from afar with a +0 halberd.
You shoot a bolt.
The bolt hits the spectral orc knight but does no damage.
The spectral orc knight is severely damaged.
The spectral orc knight completely misses you.
The spectral orc barely misses you. The spectral orc knight misses you.
The spectral orc warrior completely misses you.
The spectral orc knight hits you but does no damage.
Nergalle casts a spell at you.
Orcish apparitions take form around you.
The spectral orc completely misses you.
The spectral orc knight hits you with a +0 dire flail!
You partially resist.
You feel drained.
The spectral orc knight hits you with a +3 battleaxe!
You partially resist.
You feel drained.
The spectral orc warrior completely misses you.
Nergalle gestures at the spectral orc knight while chanting.
The spectral orc knight seems to speed up.
37733 ||| READING 6 scrolls of teleportation.
As you read the scroll of teleportation, it crumbles to dust.
You feel strangely unstable.
The spectral orc knight completely misses you.
The spectral orc knight misses you. The spectral orc misses you.
The spectral orc warrior completely misses you.
The spectral orc knight closely misses you.
Nergalle misses you.
The spectral orc warrior unwields a +0 orcbow.
The spectral orc warrior misses you. The spectral orc completely misses you.
You shoot a bolt. The bolt hits the spectral orc knight.
The spectral orc knight is severely damaged.
The spectral orc knight misses you. x2; The spectral orc completely misses you.
The spectral orc warrior hits you with a +0 war axe!
The spectral orc knight barely misses you.
The spectral orc knight completely misses you.
Nergalle misses you. The spectral orc misses you.
The spectral orc warrior closely misses you.
The spectral orc knight hits you with a +0 dire flail.
You die...

##..#
#...######
#.........
#.........
#.........
P........
#........
#ZZo.....
##@Z......
#ZZZZ.....
##Z.......
#........
#........
##........
#.........P
##.........
##.....^...


You could see Nergalle, 2 spectral orcs, 2 spectral orc warriors and 4 spectral
orc knights.

Vanquished Creatures
  3 two-headed ogres (D:9)
  A deep troll (D:9)
  A harpy (shapeshifter) (D:9)
  An ugly thing (D:9)
  An oklob plant (D:8)
  A cyclops (D:9)
  An elephant (D:10)
  2 cane toads (Lair:1)
  2 komodo dragons
  A cane toad (shapeshifter) (D:9)
  A kobold demonologist (D:10)
  A polar bear (Lair:2)
  8 yaks (Lair:2)
  2 ynoxinuls (D:9)
  2 wraiths (D:10)
  A wyvern (D:7)
  A golden eye (D:8)
  A yak (shapeshifter) (D:9)
  Grum (D:10)
  9 vampire mosquitoes
  2 water moccasins (Lair:1)
  2 ice beasts
  A sky beast (D:7)
  4 ogres
  6 orc warriors
  3 black bears
  3 centaurs
  9 wolves
  4 kobold brigands
  A phantom (D:6)
  7 bullfrogs
  5 scorpions
  9 wights
  4 killer bees (D:9)
  6 howler monkeys
  3 electric eels
  A lava snake (Lair:1)
  A hound (D:5)
  A jelly (D:9)
  10 orc priests
  A sleepcap (D:9)
  6 gnoll boudas
  Jessica (D:2)
  5 iguanas
  8 orc wizards
  30 gnolls
  17 adders
  2 shadow imps
  6 ufetubi (D:9)
  17 dart slugs
  3 ribbon worms
  28 orcs
  6 ball pythons
  5 bats
  6 endoplasms
  10 giant cockroaches
  11 goblins
  5 hobgoblins
  6 quokkas
  11 frilled lizards
  14 kobolds
  7 rats
328 creatures vanquished.

Vanquished Creatures (others)
  A phantom (D:5)
1 creature vanquished.

Grand Total: 329 creatures vanquished

Notes
Turn   | Place    | Note
-------+----------+-------------------------------------------
     0 | D:1      | qw the Spriggan Hunter began the quest for the Orb.
     0 | D:1      | Reached XP level 1. HP: 10/10 MP: 2/2
     0 | D:1      | 0 ||| qw: Version: 0.3-a-157-g843a77d
     0 | D:1      | 0 ||| qw: Game counter: 4046
     0 | D:1      | 0 ||| qw: Melee chars always use a shield: true
     0 | D:1      | 0 ||| qw: God list: Okawaru
     0 | D:1      | 0 ||| qw: Allow faded altars: false
     0 | D:1      | 0 ||| qw: Do Orc after clearing Dungeon:15 true
     0 | D:1      | 0 ||| qw: Do second Lair branch before Depths: true
     0 | D:1      | 0 ||| qw: Lair rune preference: random
     0 | D:1      | 0 ||| qw: Goals: Normal
     0 | D:1      | 0 ||| PLANNING D:1-11
    23 | D:1      | Reached skill level 3 in Dodging
   250 | D:1      | Reached XP level 2. HP: 14/14 MP: 3/3
   273 | D:1      | Reached skill level 4 in Dodging
   396 | D:1      | 396 ||| READING scroll labelled EQEAGGIFAX.
   637 | D:1      | Reached XP level 3. HP: 18/18 MP: 4/4
   845 | D:1      | 845 ||| READING scroll labelled EFIDABR ETESH.
   946 | D:1      | 946 ||| READING scroll labelled XOLLAF ACSEAS.
   979 | D:1      | 979 ||| READING scroll labelled MOAZAO YSAWK.
   980 | D:1      | 980 ||| READING scroll labelled PEKOAR IT EDASAG.
   981 | D:1      | 981 ||| DRINKING 3 emerald potions.
   982 | D:1      | 982 ||| DRINKING 2 coppery potions.
   983 | D:1      | 983 ||| DROPPING scroll of butterflies.
   984 | D:1      | 984 ||| DROPPING 2 potions of brilliance.
   986 | D:1      | 986 ||| Stepping ~*~*~tactically~*~*~ (cloud).
  1139 | D:2      | Noticed Jessica
  1146 | D:2      | Killed Jessica
  1230 | D:2      | Found Otuturakh's Armour Shop.
  1300 | D:2      | Reached XP level 4. HP: 17/22 MP: 5/5
  1845 | D:2      | 1845 ||| UPGRADING to +2 robe of positive energy.
  1855 | D:2      | 1855 ||| DROPPING +0 robe.
  1856 | D:2      | 1856 ||| READING scroll labelled AJOWALEODA.
  1857 | D:2      | 1857 ||| READING scroll labelled POS TIMADYN.
  1958 | D:2      | 1958 ||| READING scroll labelled HUMIBB UTRU.
  1959 | D:2      | 1959 ||| DRINKING 2 purple potions.
  1960 | D:2      | 1960 ||| DRINKING 2 yellow potions.
  1961 | D:2      | 1961 ||| DROPPING potion of degeneration.
  2132 | D:3      | Reached skill level 5 in Dodging
  2603 | D:3      | 2603 ||| UPGRADING to amulet of regeneration.
  2608 | D:3      | 2608 ||| READING scroll labelled POORIL DEUNU.
  2723 | D:4      | 2723 ||| FLEEEEING.
  2724 | D:4      | 2724 ||| FLEEEEING.
  2743 | D:4      | Reached XP level 5. HP: 26/26 MP: 6/6
  2824 | D:4      | Found a hide-covered altar of Uskayaw.
  2872 | D:4      | Noticed a black bear
  2874 | D:4      | 2874 ||| RETREEEEATING.
  2876 | D:4      | 2876 ||| RETREEEEATING.
  2878 | D:4      | 2878 ||| RETREEEEATING.
  2885 | D:4      | 2885 ||| FLEEEEING.
  2886 | D:4      | 2886 ||| FLEEEEING.
  2887 | D:4      | 2887 ||| FLEEEEING.
  2888 | D:4      | 2888 ||| FLEEEEING.
  2889 | D:4      | 2889 ||| FLEEEEING.
  2904 | D:4      | Killed a black bear
  2905 | D:4      | Reached skill level 6 in Ranged Weapons
  2905 | D:4      | Reached XP level 6. HP: 16/30 MP: 7/7
  2906 | D:4      | 2906 ||| FLEEEEING.
  2907 | D:4      | 2907 ||| FLEEEEING.
  2908 | D:4      | 2908 ||| FLEEEEING.
  2909 | D:4      | 2909 ||| FLEEEEING.
  2910 | D:4      | 2910 ||| FLEEEEING.
  2913 | D:4      | 2913 ||| FLEEEEING.
  2914 | D:4      | 2914 ||| FLEEEEING.
  2915 | D:4      | 2915 ||| FLEEEEING.
  2916 | D:4      | 2916 ||| FLEEEEING.
  2917 | D:4      | 2917 ||| FLEEEEING.
  2920 | D:4      | 2920 ||| FLEEEEING.
  3321 | D:4      | 3321 ||| READING scroll labelled NIWUPN WOGG.
  3321 | D:4      | 3321 ||| IDENTIFYING cyan potion
  3322 | D:4      | 3322 ||| READING scroll labelled PUMOTO UCOLIM.
  3322 | D:4      | 3322 ||| ENCHANTING +0 shortbow.
  3323 | D:4      | 3323 ||| READING scroll labelled WYUZUSE MEEFFA.
  3323 | D:4      | 3323 ||| ENCHANTING +1 shortbow.
  3324 | D:4      | 3324 ||| DRINKING 2 lumpy red potions.
  3325 | D:4      | 3325 ||| DRINKING 5 potions of curing.
  3325 | D:4      | 3325 ||| (to cure confusion)
  3326 | D:4      | 3326 ||| DROPPING potion of ambrosia.
  3327 | D:4      | 3327 ||| DROPPING potion of attraction.
  3336 | D:5      | Entered Level 5 of the Dungeon
  3337 | D:5      | 3337 ||| PLANNING SEWER
  3387 | D:5      | Found a glowing drain.
  3396 | Sewer    | Entered a sewer
  3493 | Sewer    | Reached skill level 6 in Dodging
  3590 | Sewer    | Found the +2 pair of slick slippers {slick, slippery, EV+4}
  3647 | Sewer    | Reached XP level 7. HP: 35/35 MP: 8/8
  3656 | Sewer    | 3656 ||| SWAPPING to +0 arbalest of flaming.
  3657 | Sewer    | 3657 ||| DROPPING +1 shortbow.
  3868 | D:5      | 3868 ||| PLANNING D:1-11
  3911 | D:5      | Found a shadowy altar of Dithmenos.
  3915 | D:5      | Reached skill level 7 in Dodging
  4050 | D:5      | Found a bloodstained altar of Trog.
  4462 | D:5      | 4462 ||| READING scroll labelled MINNYD FUPSU.
  4462 | D:5      | 4462 ||| BRANDING +0 arbalest of flaming.
  4463 | D:5      | 4463 ||| DRINKING 2 golden potions.
  4525 | D:6      | Reached skill level 3 in Fighting
  4525 | D:6      | Reached XP level 8. HP: 36/40 MP: 9/9
  4545 | D:6      | Reached skill level 8 in Dodging
  4961 | D:6      | 4961 ||| FLEEEEING.
  4962 | D:6      | 4962 ||| FLEEEEING.
  4963 | D:6      | 4963 ||| FLEEEEING.
  4973 | D:6      | Reached skill level 9 in Ranged Weapons
  5070 | D:6      | 5070 ||| UPGRADING to +0 cloak.
  5075 | D:6      | 5075 ||| READING scroll of enchant armour.
  5075 | D:6      | 5075 ||| ENCHANTING +0 cloak.
  5076 | D:6      | 5076 ||| READING 3 scrolls of identify.
  5076 | D:6      | 5076 ||| IDENTIFYING lumpy purple potion
  5077 | D:6      | 5077 ||| READING 2 scrolls of identify.
  5077 | D:6      | 5077 ||| IDENTIFYING fuming emerald potion
  5078 | D:6      | 5078 ||| READING scroll of identify.
  5078 | D:6      | 5078 ||| IDENTIFYING scroll labelled CAUKHL XOPPULO
  5079 | D:6      | 5079 ||| DROPPING potion of magic.
  5080 | D:6      | 5080 ||| DROPPING scroll of immolation.
  5524 | D:7      | Reached skill level 9 in Dodging
  5638 | D:7      | Found Katz's Book Shop.
  5646 | D:7      | Reached XP level 9. HP: 44/44 MP: 10/10
  5659 | D:7      | Found a staircase to the Ecumenical Temple.
  5660 | D:7      | 5660 ||| PLANNING TEMPLE
  5668 | Temple   | Entered the Ecumenical Temple
  5669 | Temple   | 5669 ||| PLANNING OKAWARU WORSHIP
  5681 | Temple   | Became a worshipper of Warmaster Okawaru
  5682 | Temple   | 5682 ||| PLANNING D:1-11
  5889 | D:7      | Reached skill level 10 in Dodging
  6270 | D:7      | Reached * piety under Okawaru
  6602 | D:8      | Noticed an oklob plant
  6608 | D:8      | 6608 ||| DRINKING 4 potions of curing.
  6608 | D:8      | 6608 ||| (to cure confusion)
  6612 | D:8      | Reached skill level 1 in Invocations
  6613 | D:8      | Noticed an oklob plant
  6613 | D:8      | Noticed an oklob plant
 10663 | D:8      | 10663 ||| DRINKING potion of haste.
 23163 | D:8      | Fell from the grace of Okawaru
 23164 | D:8      | 23164 ||| PLANNING OKAWARU WORSHIP
 23216 | Temple   | Became a worshipper of Warmaster Okawaru
 23217 | Temple   | 23217 ||| PLANNING D:1-11
 31006 | D:8      | Fell from the grace of Okawaru
 31007 | D:8      | 31007 ||| PLANNING OKAWARU WORSHIP
 31059 | Temple   | Became a worshipper of Warmaster Okawaru
 31060 | Temple   | 31060 ||| PLANNING D:1-11
 33949 | D:8      | 33949 ||| qw: Version: 0.3-a-157-g843a77d
 33949 | D:8      | 33949 ||| qw: Game counter: 4046
 33949 | D:8      | 33949 ||| qw: Melee chars always use a shield: true
 33949 | D:8      | 33949 ||| qw: Do Orc after clearing Dungeon:15 true
 33949 | D:8      | 33949 ||| qw: Do second Lair branch before Depths: true
 33949 | D:8      | 33949 ||| qw: Lair rune preference: random
 33949 | D:8      | 33949 ||| qw: Goals: Normal
 33949 | D:8      | 33949 ||| PLANNING D:1-11
 34364 | D:8      | 34364 ||| qw: Version: 0.3-a-158-g18b3111
 34364 | D:8      | 34364 ||| qw: Game counter: 4046
 34364 | D:8      | 34364 ||| qw: Melee chars always use a shield: true
 34364 | D:8      | 34364 ||| qw: Do Orc after clearing Dungeon:15 true
 34364 | D:8      | 34364 ||| qw: Do second Lair branch before Depths: true
 34364 | D:8      | 34364 ||| qw: Lair rune preference: random
 34364 | D:8      | 34364 ||| qw: Goals: Normal
 34364 | D:8      | 34364 ||| PLANNING D:1-11
 34370 | D:8      | Killed an oklob plant
 34371 | D:8      | Reached skill level 12 in Dodging
 34502 | D:8      | Found a sparkling altar of Nemelex Xobeh.
 34503 | D:8      | Found a broken altar of Ashenzari.
 34708 | D:8      | 34708 ||| qw: Version: 0.3-a-158-g18b3111
 34708 | D:8      | 34708 ||| qw: Game counter: 4046
 34708 | D:8      | 34708 ||| qw: Melee chars always use a shield: true
 34708 | D:8      | 34708 ||| qw: Do Orc after clearing Dungeon:15 true
 34708 | D:8      | 34708 ||| qw: Do second Lair branch before Depths: true
 34708 | D:8      | 34708 ||| qw: Lair rune preference: random
 34708 | D:8      | 34708 ||| qw: Goals: Normal
 34708 | D:8      | 34708 ||| PLANNING D:1-11
 34996 | D:8      | 34996 ||| READING scroll of identify.
 34996 | D:8      | 34996 ||| IDENTIFYING 2 scrolls labelled OLOZIA AGHOPPE
 34997 | D:8      | 34997 ||| DROPPING 2 scrolls of revelation.
 35081 | D:9      | Reached XP level 10. HP: 43/49 MP: 12/12
 35120 | D:9      | Found a glowing golden altar of the Shining One.
 35212 | D:9      | Noticed a cyclops
 35213 | D:9      | 35213 ||| INVOKING Heroism.
 35215 | D:9      | Killed a cyclops
 35215 | D:9      | Reached ** piety under Okawaru
 35216 | D:9      | Reached skill level 3 in Invocations
 35268 | D:9      | Noticed a two-headed ogre
 35325 | D:9      | Noticed a cyan ugly thing
 35327 | D:9      | 35327 ||| RETREEEEATING.
 35328 | D:9      | 35328 ||| RETREEEEATING.
 35334 | D:9      | a wind drake changed into a harpy
 35334 | D:9      | Noticed a harpy (shapeshifter)
 35335 | D:9      | 35335 ||| INVOKING Heroism.
 35336 | D:9      | Killed a harpy
 35337 | D:9      | Reached skill level 12 in Ranged Weapons
 35340 | D:9      | Killed a cyan ugly thing
 35340 | D:9      | Reached *** piety under Okawaru
 35357 | D:9      | 35357 ||| RETREEEEATING.
 35358 | D:9      | 35358 ||| INVOKING Heroism.
 35362 | D:9      | Killed a two-headed ogre
 35382 | D:9      | Noticed a two-headed ogre
 35386 | D:9      | 35386 ||| INVOKING Heroism.
 35389 | D:9      | Killed a two-headed ogre
 35396 | D:9      | Reached skill level 13 in Dodging
 35396 | D:9      | Reached XP level 11. HP: 45/56 MP: 15/15
 35436 | D:9      | Reached **** piety under Okawaru
 35438 | D:9      | 35438 ||| READING scroll of enchant weapon.
 35438 | D:9      | 35438 ||| ENCHANTING +0 heavy arbalest.
 35488 | D:9      | Noticed a deep troll
 35491 | D:9      | 35491 ||| INVOKING Finesse.
 35497 | D:9      | Killed a deep troll
 35546 | D:9      | Identified the ring "Loiregint" {Fly rElec rCorr MP-9
                  | Dex+3}
 35736 | D:9      | Found a shimmering blue altar of Sif Muna.
 35776 | D:9      | Noticed a two-headed ogre
 35817 | D:9      | 35817 ||| DRINKING 3 potions of curing.
 35817 | D:9      | 35817 ||| (to cure confusion)
 36051 | D:9      | 36051 ||| UPGRADING to ring "Loiregint" {Fly rElec rCorr
                  | MP-9 Dex+3}.
 36087 | D:9      | 36087 ||| INVOKING Finesse.
 36090 | D:9      | Killed a two-headed ogre
 36175 | D:10     | Entered Level 10 of the Dungeon
 36204 | D:10     | Reached ***** piety under Okawaru
 36213 | D:10     | HP: 12/56 [komodo dragon (10)]
 36214 | D:10     | 36214 ||| READING 6 scrolls of teleportation.
 36215 | D:10     | 36215 ||| DRINKING potion of heal wounds.
 36249 | D:10     | Found a flagged portal.
 36310 | D:10     | Found The Oracle's Delphic Readings.
 36314 | D:10     | 36314 ||| BUYING scroll of identify (22 gold).
 36314 | D:10     | Bought a scroll of identify for 22 gold pieces
 36448 | D:10     | Found a radiant altar of Vehumet.
 36469 | D:10     | Reached skill level 6 in Invocations
 36544 | D:10     | Noticed Grum
 36546 | D:10     | 36546 ||| RETREEEEATING.
 36548 | D:10     | 36548 ||| RETREEEEATING.
 36549 | D:10     | 36549 ||| RETREEEEATING.
 36550 | D:10     | 36550 ||| RETREEEEATING.
 36551 | D:10     | 36551 ||| RETREEEEATING.
 36552 | D:10     | 36552 ||| RETREEEEATING.
 36553 | D:10     | 36553 ||| RETREEEEATING.
 36554 | D:10     | 36554 ||| INVOKING Finesse.
 36567 | D:10     | Killed Grum
 36708 | D:10     | 36708 ||| RETREEEEATING.
 36825 | D:10     | Found a staircase to the Lair.
 36866 | D:10     | 36866 ||| PLANNING LAIR
 36866 | D:10     | 36866 ||| UPGRADING to ring of protection from fire.
 36867 | D:10     | 36867 ||| READING scroll of identify.
 36867 | D:10     | 36867 ||| IDENTIFYING viscous emerald potion
 36891 | Lair:1   | Entered Level 1 of the Lair of Beasts
 37086 | Lair:1   | 37086 ||| RETREEEEATING.
 37088 | Lair:1   | 37088 ||| RETREEEEATING.
 37090 | Lair:1   | 37090 ||| RETREEEEATING.
 37093 | Lair:1   | Reached skill level 14 in Dodging
 37535 | Lair:1   | 37535 ||| DRINKING 2 clear potions.
 37557 | Lair:2   | 37557 ||| INVOKING Finesse.
 37558 | Lair:2   | 37558 ||| INVOKING Heroism.
 37559 | Lair:2   | Received a gift from Okawaru
 37645 | Lair:2   | 37645 ||| RETREEEEATING.
 37647 | Lair:2   | 37647 ||| RETREEEEATING.
 37648 | Lair:2   | 37648 ||| RETREEEEATING.
 37650 | Lair:2   | 37650 ||| INVOKING Finesse.
 37663 | Lair:2   | Reached XP level 12. HP: 44/60 MP: 4/18
 37726 | Lair:2   | Noticed Nergalle
 37729 | Lair:2   | 37729 ||| RETREEEEATING.
 37732 | Lair:2   | HP: 8/58 [spectral orc knight/+3 battleaxe[Nergalle] (15)]
 37733 | Lair:2   | 37733 ||| READING 6 scrolls of teleportation.
 37734 | Lair:2   | HP: 1/56 [spectral orc warrior/+0 war axe[Nergalle] (8)]
 37734 | Lair:2   | Slain by a spectral orc knight

Levels and vault maps discovered:
D:1:      scummos_arrival_forest, layout_loops_corners, grunt_decor_cap
D:2:      minmay_inner_zag, layout_basic, serial_shops, shop, uniq_jessica
D:3:      layout_basic, hangedman_abyss_or_decor_lesser_grid
D:4:      layout_loops_ring, eat_drink_and_be_merry_uskayaw,
          grunt_decor_resistance, minmay_liquid_box
D:5:      layout_loops_ring, trog_book, mainiacjoe_overflow_24_doors,
          portal_sewer_entry_b
D:6:      layout_basic, minmay_puff
D:7:      layout_basic, minmay_temple_entry_proselytizer, serial_shops,
          nicolae_shop_gibbet_a_chance
D:8:      layout_gridville, nicolae_overflow_squiral, grunt_ministairs_15,
          disabler_island
D:9:      regret_index_malice_mire, layout_small_grid,
          nicolae_tso_carved_into_rock, lemuel_blue_sif_altar, nicolae_fort_ynox
D:10:     layout_roguey, vehumet_crystals, grunt_lair_entry_orc_guard_hut,
          enter_bailey_5, nicolae_nh_oracle_at_delphi, uniq_grum
Temple:   nicolae_temple_ecumenical_triangle
Lair:1:   layout_gridlike, infiniplex_staircase_pool
Lair:2:   wad_woods_stonehenge, layout_regular_city,
          mainiacjoe_shoals_entry_four_pools, nicolae_spider_entry_tight_spaces,
          maelrawn_ghost_gauntlet_escape, uniq_nergalle

Skill      XL: |  1  2  3  4  5  6  7  8  9 10 11 12 |
---------------+-------------------------------------+-----
Dodging        | 3 4 5 6 7 9 12 13 14 | 14.7
Ranged Weapons | 5 6 7 8 10 12 13 | 13.0
Fighting       | 2 3 4 5 |  5.8
Invocations    | 2 4 7 8 |  8.0
Stealth        | |  1.5

Action                     |  1- 3 |  4- 6 |  7- 9 | 10-12 || total
---------------------------+-------+-------+-------+-------++-------
   Fire: Shortbow          |    74 |   238 |       |       ||   312
         Arbalest          |       |       |   210 |   319 ||   529
 Invoke: Heroism           |       |       |       |     5 ||     5
         Finesse           |       |       |       |     5 ||     5
    Use: Scroll            |     5 |     7 |     6 |     4 ||    22
         Potion            |     2 |     4 |     3 |     3 ||    12
 Armour: Robe              |     4 |    25 |    33 |    69 ||   131
  Dodge: Dodged            |    21 |    84 |   149 |   412 ||   666

Table legend:
 A = Non-vault XP
 B = Vault XP
 C = Vault XP percentage of total XP
 D = Non-vault monster count
 E = Vault monster count
 F = Vault count percentage of total count
                 A         B        C        D         E       F
            +---------+---------+-------+---------+---------+-------
      Total |   12357 |   10023 |  44.8 |     220 |     109 |  33.1
            +---------+---------+-------+---------+---------+-------
        D:1 |      41 |       0 |   0.0 |      24 |       0 |   0.0
        D:2 |      31 |      59 |  65.6 |       9 |       7 |  43.8
        D:3 |      24 |       0 |   0.0 |      12 |       0 |   0.0
        D:4 |     274 |       0 |   0.0 |      19 |       0 |   0.0
        D:5 |     610 |       9 |   1.5 |      12 |       4 |  25.0
        D:6 |     707 |      50 |   6.6 |      16 |       2 |  11.1
        D:7 |    1598 |      41 |   2.5 |      28 |       1 |   3.4
        D:8 |     696 |     888 |  56.1 |      26 |       4 |  13.3
        D:9 |    3036 |    6300 |  67.5 |      41 |      37 |  47.4
       D:10 |    1091 |    2212 |  67.0 |       9 |      16 |  64.0
     Lair:1 |    2230 |       0 |   0.0 |      14 |       0 |   0.0
     Lair:2 |    2019 |     121 |   5.7 |      10 |       1 |   9.1
      Sewer |       0 |     343 | 100.0 |       0 |      37 | 100.0
            +---------+---------+-------+---------+---------+-------
